[Event "TOP 16 - Final A"]
[Site "TOP16-Final-A"]
[Date "2021.01.17"]
[Round "9"]
[White "Harut-1998"]
[Black "Bagheri amir"]
[Result "1/2-1/2"]
[WhiteElo "2305"]
[BlackElo "2177"]
[Annotator "NA RC"]
[PlyCount "80"]
[EventDate "2021.01.17"]
[EventType "blitz"]
[WhiteTeam "Nice Alekhine "]
[BlackTeam "monaco"]
[TimeControl "420+3"]

{Haroutyun , Barseghyan (2471) - Bagheri, Amir} 1. Nf3 Nf6 2. e3 d5 3. c4 c6 4. Nc3 Bg4 5. Qb3 Qb6 6. Qxb6 axb6 7. cxd5 Nxd5 8. Nxd5 cxd5 9. Ne5 Bd7 10. Nxd7 Kxd7 11. d4 Nc6 12. Bb5 e6 13. Bd2 Bd6 14. Ke2 Rhc8 15. a3 Kd8 16. Rac1 Na5 17. Rc3 Rxc3 18. Bxc3 Rc8 19. f4 f5 20. h3 Nc6 {[%emt 0:00:17] Bagheri amir offers a draw} 21. g4 Ne7 22. Rc1 Ng8 23. g5 Ne7 24. h4 Rc7 25. h5 Nc8 26. Bd3 Be7 27. h6 g6 28. a4 Nd6 29. Ra1 Ne4 30. Be1 Rc8 31. Kd1 Ra8 32. Kc2 Bd6 33. Kb3 Bc7 34. Bb4 Kd7 35. Bb5+ Kd8 36. Rc1 Bd6 37. Bd3 Bxb4 38. Kxb4 Nd6 39. b3 Ra7 40. Rc2 Ra5 {[%emt 0:00:02] Harut-1998 offers a draw} 1/2-1/2

[Event "TOP 16 - Final A"]
[Site "TOP16-Final-A"]
[Date "2021.01.17"]
[Round "9"]
[White "Pastouche06"]
[Black "Burrito2001"]
[Result "1/2-1/2"]
[WhiteElo "2199"]
[BlackElo "2167"]
[Annotator "NA RC"]
[PlyCount "124"]
[EventDate "2021.01.17"]
[EventType "blitz"]
[TimeControl "420+3"]

1. d4 d5 2. c4 c6 3. Nf3 Nf6 4. e3 e6 5. b3 Bd6 6. Bb2 O-O 7. Bd3 Nbd7 8. O-O Qe7 9. Ne5 a6 10. Qf3 Rd8 11. Qh3 Nf8 12. Nd2 Ba3 13. Bxa3 Qxa3 14. Qh4 Bd7 15. Ndf3 Be8 16. c5 Rdb8 17. g4 Qa5 18. g5 N6d7 19. Nxd7 Bxd7 20. Ne5 Be8 21. f4 b6 22. cxb6 c5 23. Rf3 cxd4 24. Rh3 dxe3 25. Bxh7+ Nxh7 26. Qxh7+ Kf8 27. Qh8+ Ke7 28. Qxg7 Qd2 29. Ng6+ Kd7 30. Nf8+ Kc6 31. Qe5 e2 32. Rc3+ Kb5 33. a4+ Kb4 34. Re3 Rxb6 35. Rxe2 Qc3 36. Qxc3+ Kxc3 37. g6 fxg6 38. Nxe6 Bd7 39. Rc1+ Kb4 40. Nd4 Bf5 41. Nxf5 gxf5 42. Re5 Rd8 43. Rd1 d4 44. Rd3 Rc6 45. Rxf5 Rc3 46. Rd1 d3 47. Kf2 Kxb3 48. Ke3 d2+ 49. Ke2 Kc2 50. Re5 Rc4 51. f5 Rdd4 52. Re3 Rc6 53. Re5 Rcc4 54. Re3 Rc5 55. Re6 Rxf5 56. Rc6+ Kb3 57. Rxd2 Rxd2+ 58. Kxd2 Rf2+ 59. Kd3 Rxh2 60. Rxa6 Ra2 61. Ke3 Rxa4 62. Rxa4 Kxa4 {[%emt 0:00:00] (Lag: Av=1.10s, max=4.6s)} 1/2-1/2

[Event "TOP 16 - Final A"]
[Site "TOP16-Final-A"]
[Date "2021.01.17"]
[Round "9"]
[White "Pierre35"]
[Black "ProfTerrieux"]
[Result "1/2-1/2"]
[WhiteElo "2108"]
[BlackElo "2325"]
[Annotator "NA RC"]
[PlyCount "119"]
[EventDate "2021.01.17"]
[EventType "blitz"]
[TimeControl "420+3"]

1. e4 c5 2. Nf3 e6 3. g3 Nc6 4. Bg2 Nf6 5. d3 d6 6. O-O Be7 7. Re1 O-O 8. c3 Bd7 9. d4 d5 10. e5 Ne4 11. Nbd2 Nxd2 12. Bxd2 cxd4 13. cxd4 Qb6 14. Bc3 a5 15. Bf1 a4 16. a3 Na5 17. Bd3 Nb3 18. Rb1 Bb5 19. Bc2 Bc4 20. Nd2 Nxd2 21. Qxd2 Qd8 22. h4 b5 23. Rbc1 Qb6 24. Kg2 Rfb8 25. h5 b4 26. axb4 Bxb4 27. h6 Bxc3 28. Qg5 g6 29. Qf6 Kf8 30. bxc3 Qd8 31. Qg7+ Ke7 32. Rb1 Bb3 33. Bxb3 axb3 34. Qxh7 Qf8 35. Qg7 Qxg7 36. hxg7 Ra3 37. Re2 f5 38. exf6+ Kxf6 39. Rbb2 Kf7 40. f4 Rg8 41. Re1 Kf6 42. Reb1 Kxg7 43. Rxb3 Ra2+ 44. R1b2 Rxb2+ 45. Rxb2 Rc8 46. Rb3 Kf6 47. Kf3 g5 48. Kg4 gxf4 49. Kxf4 Rc4 50. g4 e5+ 51. Ke3 exd4+ 52. cxd4 Kg5 53. Kd3 Rc8 54. Rb7 Rd8 55. Rg7+ Kf6 56. Rh7 Kg5 57. Rg7+ Kf6 58. Ra7 Kg5 59. Rf7 Kxg4 {[%emt 0:00:02] Pierre35 offers a draw} 60. Rf6 1/2-1/2

[Event "TOP 16 - Final A"]
[Site "TOP16-Final-A"]
[Date "2021.01.17"]
[Round "9"]
[White "SebyFischer57"]
[Black "Nikame"]
[Result "0-1"]
[WhiteElo "2065"]
[BlackElo "1959"]
[Annotator "NA RC"]
[PlyCount "52"]
[EventDate "2021.01.17"]
[EventType "blitz"]
[TimeControl "420+3"]

1. c4 e6 2. Nf3 Nf6 3. g3 a6 4. Bg2 b5 5. b3 Bb7 6. O-O Be7 7. d4 c5 8. Nc3 cxd4 9. Qxd4 Nc6 10. Qf4 bxc4 11. bxc4 Rc8 12. Rb1 Na5 13. Be3 Rxc4 14. Bb6 Rxf4 15. Bxd8 Rxf3 16. Bxa5 Rf5 17. Nd5 exd5 18. Rxb7 O-O 19. Bc3 Rc8 20. Bxf6 Bxf6 21. Rxd7 d4 22. Bd5 Rf8 23. Rb1 Re5 24. Kf1 Re7 25. Rbb7 Rfe8 26. Bxf7+ Kxf7 {[%emt 0:00:03] SebyFischer57 resigns} 0-1

[Event "TOP 16 - Final A"]
[Site "TOP16-Final-A"]
[Date "2021.01.17"]
[Round "9"]
[White "Amiralfio"]
[Black "Jncool68"]
[Result "1/2-1/2"]
[WhiteElo "1869"]
[BlackElo "2259"]
[Annotator "NA RC"]
[PlyCount "102"]
[EventDate "2021.01.17"]
[EventType "blitz"]
[TimeControl "420+3"]

1. Nf3 d5 2. c4 e6 3. g3 Nf6 4. Bg2 Be7 5. O-O O-O 6. d4 dxc4 7. Qc2 b6 8. Ne5 Qxd4 9. Bxa8 Qxe5 10. Bg2 Qh5 11. Qxc4 c5 12. Nc3 Nbd7 13. Bf4 a6 14. a4 Ne5 15. Qb3 Nfd7 16. Rad1 c4 17. Qc2 Nc5 18. Ne4 b5 19. axb5 axb5 20. Nd6 Ng6 21. Be3 Ba6 22. Qc3 Nb3 23. f4 Rd8 24. Bf3 Qh3 25. Ne4 Rxd1 26. Rxd1 b4 27. Qc2 Qf5 28. Rd7 Qb5 29. Qd1 Bf8 30. Ng5 c3 31. Rxf7 Qc4 32. bxc3 bxc3 33. Be4 Nc5 34. Bc2 h6 35. Nf3 Kxf7 36. Bxg6+ Kg8 37. Qc2 Qxe2 38. Bh7+ Kh8 39. Qxe2 Bxe2 40. Nd4 Kxh7 41. Nxe2 Ne4 42. Kg2 Bb4 43. Nd4 Ba3 44. Nc2 Bb2 45. Kf3 Nd6 46. Ke2 Kg6 47. Kd3 Kf5 48. Bd4 g5 49. fxg5 hxg5 50. Ne3+ Kg6 {[%emt 0:00:05] Jncool68 propose la nulle} 51. Bxc3 Bxc3 1/2-1/2

[Event "TOP 16 - Final A"]
[Site "TOP16-Final-A"]
[Date "2021.01.17"]
[Round "10"]
[White "Tigran1984"]
[Black "Pierre35"]
[Result "1/2-1/2"]
[WhiteElo "2731"]
[BlackElo "2117"]
[Annotator "NA RC"]
[PlyCount "128"]
[EventDate "2021.01.17"]
[EventType "blitz"]
[TimeControl "420+3"]

1. e4 e5 2. Nf3 Nc6 3. Nc3 Nf6 4. d4 exd4 5. Nxd4 Bb4 6. Nxc6 bxc6 7. Bd3 d5 8. Bd2 O-O 9. O-O Bxc3 10. Bxc3 dxe4 11. Bxf6 Qxf6 12. Bxe4 Qxb2 13. Bxc6 Rb8 14. Bd5 Qf6 15. Bb3 Be6 16. Re1 Rfd8 17. Qe2 Rb6 18. Rad1 Rbd6 19. Rxd6 Rxd6 20. Qe3 Qd4 21. Qxd4 Rxd4 22. f3 Rd6 23. Re5 Kf8 24. Rc5 c6 25. Ra5 Rd7 26. Ra6 Rc7 27. Kf2 Ke7 28. Ke3 Kd6 29. Ra4 Bd5 30. Ra5 h6 31. h4 Be6 32. h5 Re7 33. Kf4 g5+ 34. hxg6 fxg6 35. Bxe6 Rxe6 36. Rxa7 Re2 37. g3 Rxc2 38. Rg7 Rc4+ 39. Ke3 g5 40. Rg6+ Kd5 41. Rxh6 Rc3+ 42. Ke2 Rc2+ 43. Kd3 Rxa2 44. Rg6 Ra3+ 45. Ke2 Ra2+ 46. Ke3 Ra3+ 47. Kf2 Ra2+ 48. Ke3 Ra3+ 49. Ke2 Ra2+ 50. Kd1 c5 51. Rxg5+ Kd4 52. Rg7 Rg2 53. f4 c4 54. f5 c3 55. g4 Kd3 56. Rd7+ Ke4 57. Rg7 Kd3 58. Rd7+ Ke4 59. f6 Rxg4 60. Kc2 Rf4 61. f7 Ke5 62. Kxc3 Ke6 63. Ra7 Rxf7 64. Rxf7 Kxf7 {[%emt 0:00:00] No Material (Lag: Av=0.38s, max=0.9s)} 1/2-1/2

[Event "TOP 16 - Final A"]
[Site "TOP16-Final-A"]
[Date "2021.01.17"]
[Round "10"]
[White "Burrito2001"]
[Black "SebyFischer57"]
[Result "1/2-1/2"]
[WhiteElo "2168"]
[BlackElo "2021"]
[Annotator "NA RC"]
[PlyCount "114"]
[EventDate "2021.01.17"]
[EventType "blitz"]
[TimeControl "420+3"]

1. d4 d5 2. c4 e6 3. Nc3 a6 4. cxd5 exd5 5. Bf4 Nf6 6. e3 h6 7. Bd3 Bd6 8. Nge2 O-O 9. Rc1 Nc6 10. O-O Ne7 11. Qc2 c6 12. Rcd1 Bxf4 13. Nxf4 Qd6 14. Na4 Nd7 15. Rc1 b6 16. Rfd1 Bb7 17. Qb3 Rab8 18. Be2 a5 19. Bg4 Ba6 20. Be2 Bxe2 21. Nxe2 f5 22. Qc2 Kh8 23. Nac3 Nf6 24. Nf4 Rbc8 25. Nd3 c5 26. Ne5 cxd4 27. exd4 Ne4 28. Qe2 Nc6 29. Nb5 Qe6 30. Nd3 Rfe8 31. Qf3 g6 32. Nf4 Qf7 33. Qh3 Kh7 34. Nd3 Qf6 35. Qf3 Nb4 36. Nxb4 axb4 37. Qd3 Rc6 38. f3 Ng5 39. Qd2 Rec8 40. Na7 Rxc1 41. Rxc1 Rxc1+ 42. Qxc1 Qxd4+ 43. Kh1 Ne6 44. Qf1 Qxb2 45. Qe1 Qf6 46. Nc6 Nc5 47. Nxb4 Qd6 48. Qe8 h5 49. Qf7+ Kh6 50. Nxd5 Ne6 51. Ne3 Qe5 52. Nf1 Qe1 53. Kg1 Nf4 54. Qf8+ Kh7 55. Qf7+ Kh6 56. Qf8+ Kh7 57. Qf7+ Kh6 {[%emt 0:00:03] Threefold Rep (Lag: Av=0.52s, max=0.8s)} 1/2-1/2

[Event "TOP 16 - Final A"]
[Site "TOP16-Final-A"]
[Date "2021.01.17"]
[Round "10"]
[White "Tander"]
[Black "Harut-1998"]
[Result "0-1"]
[WhiteElo "2019"]
[BlackElo "2300"]
[Annotator "NA RC"]
[PlyCount "84"]
[EventDate "2021.01.17"]
[EventType "blitz"]
[BlackTeam "Nice Alekhine "]
[TimeControl "420+3"]

{- Haroutyun , Barseghyan (2471)} 1. e4 c5 2. Nf3 e6 3. d4 cxd4 4. Nxd4 Nc6 5. c4 Nf6 6. Nc3 Bb4 7. Nxc6 dxc6 8. Qxd8+ Kxd8 9. Bd2 e5 10. O-O-O Kc7 11. f3 Bc5 12. Be2 Rd8 13. Bg5 Rxd1+ 14. Rxd1 Be6 15. Kc2 Bd4 16. b3 Nd7 17. Na4 f6 18. Bc1 Nb6 19. Nxb6 axb6 20. a4 h5 21. Bb2 c5 22. Bc1 g5 23. h3 Rg8 24. Bf1 g4 25. f4 gxh3 26. gxh3 Rg3 27. Rd3 Rg1 28. Rf3 Bg4 29. hxg4 hxg4 30. Rd3 Rxf1 31. fxe5 Bxe5 32. Be3 g3 33. Rd2 Rf3 34. Re2 Kd6 35. Kd2 Bd4 36. Bh6 Ke5 37. Rg2 Rf2+ 38. Rxf2 Bxf2 39. Ke2 Kxe4 40. Bg7 f5 41. Kf1 f4 42. Bh6 f3 0-1

[Event "TOP 16 - Final A"]
[Site "TOP16-Final-A"]
[Date "2021.01.17"]
[Round "10"]
[White "Amiralfio"]
[Black "Pastouche06"]
[Result "0-1"]
[WhiteElo "1883"]
[BlackElo "2197"]
[Annotator "NA RC"]
[PlyCount "68"]
[EventDate "2021.01.17"]
[EventType "blitz"]
[TimeControl "420+3"]

1. d4 d5 2. Bf4 c5 3. e3 Nc6 4. Nc3 cxd4 5. exd4 Bf5 6. Nf3 e6 7. Ne5 Bd6 8. g4 Bg6 9. h4 Bxe5 10. dxe5 h5 11. Nb5 Nge7 12. Nd6+ Kf8 13. Be2 hxg4 14. Bxg4 Qb6 15. h5 Qb4+ 16. Qd2 Qxb2 17. O-O Bxh5 18. Bxh5 Rxh5 19. Kg2 Ng6 20. Rh1 Rxh1 21. Rxh1 Ncxe5 22. Bg3 f6 23. f4 Ng4 24. f5 exf5 25. Nxf5 N4e5 26. Bxe5 Qxe5 27. Ng3 Re8 28. Rd1 Nf4+ 29. Kf3 Nh5 30. Nxh5 Qxh5+ 31. Kf2 Re5 32. Qb4+ Kg8 33. Rd3 Qe2+ 34. Kg1 Rg5+ {[%emt 0:00:02] Amiralfio resigns} 0-1

[Event "TOP 16 - Final A"]
[Site "TOP16-Final-A"]
[Date "2021.01.17"]
[Round "11"]
[White "Adrien Demuth"]
[Black "Tigran1984"]
[Result "1/2-1/2"]
[WhiteElo "2362"]
[BlackElo "2715"]
[Annotator "NA RC"]
[PlyCount "165"]
[EventDate "2021.01.17"]
[EventType "blitz"]
[TimeControl "420+3"]

1. f4 g6 2. Nf3 Bg7 3. g3 c6 4. Bg2 Qb6 5. Nc3 d5 6. e3 Nh6 7. O-O O-O 8. b3 Nd7 9. Bb2 Qc7 10. d3 e5 11. Qd2 d4 12. exd4 exd4 13. Ne4 c5 14. b4 Nf5 15. c3 Ne3 16. Rfc1 Nxg2 17. Kxg2 cxb4 18. cxb4 Qb6 19. a3 Rd8 20. Rc4 Nf8 {[%emt 0:00:01] Adrien Demuth propose la nulle} 21. Qf2 Ne6 22. Rac1 Bd7 23. Nc5 Nxc5 24. Rxc5 Bc6 25. Kg1 a5 26. Bxd4 Bxf3 27. Bxg7 Kxg7 28. Qxf3 axb4 29. axb4 Qxb4 30. Rc7 Ra2 31. f5 Qd4+ 32. Kf1 Qxd3+ 33. Qxd3 Rxd3 34. fxg6 hxg6 35. R1c2 Rxc2 36. Rxc2 b5 37. Rc7 Rb3 38. Kg2 g5 39. Kh3 Kg6 40. Rc6+ f6 41. Rb6 Kf5 42. Rc6 Rb2 43. Rc5+ Kg6 44. Rc6 b4 45. Rb6 b3 46. Rb5 Rb1 47. Kg4 b2 48. Rb6 Kg7 49. Kh5 Kf7 50. Rb7+ Ke6 51. Kg6 g4 52. Rb5 f5 53. Kg5 Kd6 54. Rb3 Kc5 55. Rb8 Kd4 56. Rb3 Ke4 57. Rb5 Kd3 58. Rb7 Kd4 59. Rb8 Kc5 60. Rb7 Kc6 61. Rb8 Kc7 62. Rb3 Kd7 63. Rb4 Ke6 64. Rb5 Ke7 65. Rb6 Kd8 66. Rb7 Kc8 67. Rb3 Kc7 68. Rb4 Kc6 69. Rb8 Kc5 70. Rb7 Kd4 71. Rb6 Ke3 72. Rb5 Ke4 73. Rb3 Kd4 74. Rb8 Kc3 75. Rc8+ Kd2 76. Rb8 Ke2 77. Rb5 Ke3 78. Rb8 Kd4 79. Rb7 Kc3 80. Rc7+ Kd3 81. Rb7 Kc3 82. Rc7+ Kd3 83. Rb7 {[%emt 0:00:00] (Lag: Av=0.51s, max=1.0s)} 1/2-1/2

[Event "TOP 16 - Final A"]
[Site "TOP16-Final-A"]
[Date "2021.01.17"]
[Round "11"]
[White "Harut-1998"]
[Black "Nikame"]
[Result "1/2-1/2"]
[WhiteElo "2305"]
[BlackElo "2009"]
[Annotator "NA RC"]
[PlyCount "48"]
[EventDate "2021.01.17"]
[EventType "blitz"]
[WhiteTeam "Nice Alekhine "]
[TimeControl "420+3"]

{Haroutyun , Barseghyan (2471)} 1. d4 c6 2. Nf3 d5 3. Bf4 Bf5 4. e3 e6 5. c4 Bd6 6. Bxd6 Qxd6 7. Qb3 Nd7 8. Nc3 Qc7 9. Be2 Ngf6 10. O-O O-O 11. Rfc1 Qb6 12. c5 Qc7 13. Nh4 Bg4 14. Qd1 Bxe2 15. Qxe2 e5 16. Nf5 exd4 17. exd4 Rfe8 18. Qf3 Ne4 19. Re1 Ndf6 20. Re3 g6 21. Ng3 Nxg3 22. hxg3 Rxe3 23. Qxe3 Re8 24. Qf3 Kg7 {[%emt 0:00:03] Nikame offers a draw} 1/2-1/2

[Event "TOP 16 - Final A"]
[Site "TOP16-Final-A"]
[Date "2021.01.17"]
[Round "11"]
[White "Yvesandre2"]
[Black "Burrito2001"]
[Result "1-0"]
[WhiteElo "2220"]
[BlackElo "2162"]
[Annotator "NA RC"]
[PlyCount "89"]
[EventDate "2021.01.17"]
[EventType "blitz"]
[TimeControl "420+3"]

1. e4 c5 2. Nf3 d6 3. d4 cxd4 4. Nxd4 Nf6 5. Nc3 a6 6. h4 Nc6 7. Be3 Ng4 8. Nxc6 bxc6 9. Bd2 Qb6 10. Qe2 Nf6 11. O-O-O e5 12. f3 Be6 13. g4 Be7 14. h5 Nd7 15. g5 f5 16. gxf6 Nxf6 17. Bh3 Bf7 18. h6 g6 19. f4 Rb8 20. b3 exf4 21. Bxf4 Qc5 22. Rd3 Nh5 23. Be3 Bg5 24. e5 Nf4 25. Bxc5 Nxe2+ 26. Kb2 dxc5 27. Nxe2 Bd5 28. Rhd1 Bxh6 29. Nc3 Bg7 30. Nxd5 cxd5 31. Rxd5 O-O 32. Rxc5 Rfe8 33. Rdd5 Rb5 34. Rxb5 axb5 35. Rxb5 Rxe5 36. Rxe5 Bxe5+ 37. c3 h5 38. a4 g5 39. a5 g4 40. Bg2 h4 41. b4 h3 42. Bf1 Bf4 43. c4 Bd2 44. a6 g3 45. Bxh3 {[%emt 0:00:02] Burrito2001 abandonne (Lag: Av=1.06s, max=1.9s)} 1-0

[Event "TOP 16 - Final A"]
[Site "TOP16-Final-A"]
[Date "2021.01.17"]
[Round "11"]
[White "Pastouche06"]
[Black "jncool68"]
[Result "1-0"]
[WhiteElo "2202"]
[BlackElo "2244"]
[Annotator "NA RC"]
[PlyCount "88"]
[EventDate "2021.01.17"]
[EventType "blitz"]
[TimeControl "420+3"]

1. d4 Nf6 2. c4 e6 3. Nc3 Bb4 4. e3 O-O 5. Nge2 d5 6. a3 Be7 7. cxd5 exd5 8. Nf4 c6 9. Bd3 Na6 10. O-O Nc7 11. f3 Bd6 12. Bd2 Re8 13. Kh1 Bxf4 14. exf4 a6 15. f5 Nb5 16. Nxb5 axb5 17. g4 Ra4 18. Bc3 Qc7 19. Qd2 Bd7 20. Rae1 Raa8 21. Rxe8+ Rxe8 22. Re1 Rxe1+ 23. Qxe1 h6 24. Qe5 Ne8 {[%emt 0:00:16] jncool68 propose la nulle} 25. Bb4 Qxe5 26. dxe5 b6 27. Be7 c5 28. Bd8 c4 29. Bc2 d4 30. Bxb6 d3 31. Bd1 g6 32. f6 g5 33. Kg2 Kh7 34. Kf2 Kg6 35. Ke3 h5 36. h3 hxg4 37. fxg4 Nxf6 38. exf6 Kxf6 39. Bf3 Ke6 40. Ba5 Kd6 41. Kd4 f5 42. Bb4+ Kc7 43. gxf5 Bxf5 44. Bg4 Bg6 {[%emt 0:00:01] jncool68 abandonne (Lag: Av=0.99s, max=2.8s)} 1-0

[Event "TOP 16 - Final A"]
[Site "TOP16-Final-A"]
[Date "2021.01.17"]
[Round "11"]
[White "Pierre35"]
[Black "Bagheri amir"]
[Result "1-0"]
[WhiteElo "2133"]
[BlackElo "2177"]
[Annotator "NA RC"]
[PlyCount "67"]
[EventDate "2021.01.17"]
[EventType "blitz"]
[BlackTeam "monaco"]
[TimeControl "420+3"]

{- Bagheri, Amir} 1. e4 c6 2. Nf3 d5 3. Nc3 dxe4 4. Nxe4 Nf6 5. Qe2 Bg4 6. Nxf6+ gxf6 7. h3 Bh5 8. g3 Nd7 9. d4 e6 10. Bg2 Qa5+ 11. c3 Qb5 12. Qxb5 cxb5 13. O-O Nb6 14. Re1 O-O-O 15. Nd2 f5 16. Nb3 Bd6 17. Nc5 Bxc5 18. dxc5 Nd5 19. a4 b4 20. c4 Ne7 21. a5 a6 22. Ra4 Nc6 23. Bxc6 bxc6 24. Rxb4 f6 25. Bh6 e5 26. Bg7 Rhe8 27. Bxf6 Rd1 28. Rxd1 Bxd1 29. Rb6 Bf3 30. Rxa6 Kd7 31. Ra7+ Ke6 32. Re7+ Rxe7 33. Bxe7 Kxe7 34. a6 {[%emt 0:00:02] Bagheri amir resigns} 1-0

[Event "TOP 16 - Final A"]
[Site "TOP16-Final-A"]
[Date "2021.01.17"]
[Round "11"]
[White "SebyFischer57"]
[Black "Amiralfio"]
[Result "0-1"]
[WhiteElo "2033"]
[BlackElo "1878"]
[Annotator "NA RC"]
[PlyCount "120"]
[EventDate "2021.01.17"]
[EventType "blitz"]
[TimeControl "420+3"]

1. c4 f5 2. g3 Nf6 3. Bg2 e6 4. Nc3 Be7 5. d3 O-O 6. e4 fxe4 7. dxe4 Nc6 8. Nge2 Bc5 9. Na4 Bb4+ 10. Bd2 Qe7 11. O-O Bxd2 12. Qxd2 d6 13. f4 e5 14. f5 Nd7 15. Nac3 a5 16. Nd5 Qd8 17. g4 h6 18. b3 Nc5 19. Qe3 Nb4 20. Rad1 Nxd5 21. Rxd5 Qg5 22. Qg3 Bd7 23. h4 Qe7 24. Nc3 Bc6 25. Rd2 Kf7 26. g5 hxg5 27. hxg5 Ke8 28. Rdf2 Kd7 29. Bh3 Kd8 30. f6 gxf6 31. Rxf6 Rxf6 32. gxf6 Qf7 33. Qg7 Be8 34. Bf5 c6 35. Rf2 Nd7 36. Bxd7 Kxd7 37. Rh2 Qxg7+ 38. fxg7 Bf7 39. Rg2 Rg8 40. Kf2 Ke7 41. Ke3 Kf6 42. Na4 Rxg7 43. Rxg7 Kxg7 44. Nb6 Kf6 45. Nc8 Ke6 46. Nb6 Bh5 47. Na4 Kd7 48. Nc3 Kc7 49. a3 Bf7 50. Kd3 Kb6 51. b4 axb4 52. axb4 Be6 53. Na4+ Kc7 54. Nc3 Kd7 55. Na4 Ke7 56. Nc3 Kd7 57. Na4 Bxc4+ 58. Kxc4 b5+ 59. Kb3 bxa4+ 60. Kxa4 d5 {[%emt 0:00:00] TimeW} 0-1

[Event "TOP 16 - Final A"]
[Site "TOP16-Final-A"]
[Date "2021.01.17"]
[Round "12"]
[White "jncool68"]
[Black "ProfTerrieux"]
[Result "1/2-1/2"]
[WhiteElo "2225"]
[BlackElo "2296"]
[Annotator "NA RC"]
[PlyCount "59"]
[EventDate "2021.01.17"]
[EventType "blitz"]
[TimeControl "420+3"]

1. e4 c5 2. Nf3 e6 3. Be2 Nc6 4. O-O Nf6 5. Nc3 e5 6. Bc4 Be7 7. Ng5 O-O 8. f4 exf4 9. d3 Ne5 10. Bxf4 Nxc4 11. dxc4 h6 12. Nf3 d6 13. Qd2 Be6 14. b3 Qb6 15. Rad1 Rfd8 16. h3 Bf8 17. Nd5 Bxd5 18. exd5 Re8 19. Rde1 Qc7 20. Nh4 Rxe1 21. Rxe1 Qd7 22. g4 Re8 23. Nf5 Rxe1+ 24. Qxe1 h5 25. Qh4 hxg4 26. hxg4 Qe8 27. g5 Qe4 28. gxf6 Qxf5 29. fxg7 Bxg7 30. Qd8+ {[%emt 0:00:09] jncool68 propose la nulle (Lag: Av=0.85s, max=6.2s)} 1/2-1/2

[Event "TOP 16 - Final A"]
[Site "TOP16-Final-A"]
[Date "2021.01.17"]
[Round "14"]
[White "jncool68"]
[Black "Tigran1984"]
[Result "0-1"]
[WhiteElo "2237"]
[BlackElo "2690"]
[Annotator "NA RC"]
[PlyCount "66"]
[EventDate "2021.01.17"]
[EventType "blitz"]
[TimeControl "420+3"]

1. e4 g6 2. d4 Bg7 3. Nc3 c6 4. Be3 d5 5. f3 Qb6 6. Qd2 Qxb2 7. Rb1 Qa3 8. Nge2 Nf6 9. Rb3 Qa5 10. Nf4 dxe4 11. fxe4 e5 12. dxe5 Qxe5 13. Be2 O-O 14. O-O Nbd7 15. Nd3 Nxe4 16. Nxe4 Qxe4 17. Bf3 Qc4 18. Bh6 Bxh6 19. Qxh6 Qd4+ 20. Kh1 Qg7 21. Qh4 Re8 22. Rb4 Ne5 23. Nxe5 Rxe5 24. a4 a5 25. Rb3 Re8 26. h3 Rb8 27. Rfb1 Bf5 28. Rxb7 Rxb7 29. Rxb7 Qa1+ 30. Kh2 Qe5+ 31. Qg3 Qxg3+ 32. Kxg3 Bxc2 33. Bxc6 Be4 {[%emt 0:00:11] jncool68 abandonne (Lag: Av=0.83s, max=4.6s)} 0-1